Map: [ESL] Alcyone

Players

Solar

  • Race: Zerg Zerg
  • Spawn Location: 7:00

Clem - Winner!

  • Race: Terran Terran
  • Spawn Location: 1:00

Event: ESL SC2 Masters 2023 Winter (Finals)

VOD

Have the link to the VOD?

Description

Time

  • Played on: Dec. 16, 2023, 5:57 p.m.
  • Length: 10:32

All games in this series

Show
View Real Time Build Order
Export as new Build Order

Solar Zerg 

Build Orders: Hatch First 

Get SALT Encoding   

  12  0:00  Drone  
  13  0:12  Overlord  
  13  0:17  Drone  
  14  0:31  Drone x2  
  16  0:47  Hatchery  
  15  0:51  Drone  
  15  0:54  Drone  
  17  0:57  Drone  
  18  1:08  Extractor  
  17  1:12  Spawning Pool  
  17  1:15  Drone  
  17  1:19  Drone  
  18  1:28  Drone  
  19  1:39  Drone  
  20  1:50  Drone  
  21  1:59  Queen x2  
  21  2:00  Zergling x4  
  27  2:15  Overlord  
  27  2:16  Drone  
  27  2:21  Hatchery  
  27  2:23  Drone  
  28  2:34  Queen  
  28  2:35  Drone  
  30  2:38  Drone  
  30  2:43  Metabolic Boost  
  31  2:46  Overlord  
  31  2:51  Drone x2  
  33  2:53  Drone  
  33  2:56  Drone  
  35  3:05  Drone x2  
  37  3:09  Drone x3  
  40  3:13  Queen  
  40  3:17  Drone  
  40  3:19  Overlord  
  43  3:25  Drone  
  44  3:32  Queen x2  
  48  3:36  Zergling x2  
  48  3:39  Spore Crawler  
  49  3:43  Drone x4  
  49  3:45  Zergling x2  
  54  3:53  Zergling x2  
  54  3:54  Drone  
  56  4:00  Spore Crawler, Evolution Chamber  
  56  4:01  Drone x4  
  58  4:03  Overlord  
  58  4:04  Overlord  
  58  4:07  Overlord  
  60  4:18  Overlord  
  60  4:19  Overlord  
  60  4:20  Queen x2  
  60  4:23  Drone x3  
  60  4:24  Drone  
  68  4:27  Zergling x4  
  68  4:31  Zergling x4  
  72  4:34  Drone  
  73  4:41  Overlord  
  73  4:43  Drone x4  
  77  4:47  Spore Crawler  
  77  4:48  Overlord  
  77  4:50  Drone  
  77  4:52  Overlord  
  77  4:53  Drone  
  77  4:54  Drone x2  
  77  4:58  Extractor  
  77  4:59  Drone, Evolution Chamber  
  79  5:00  Drone, Spore Crawler, Evolution Chamber  
  79  5:01  Queen  
  79  5:06  Drone x2  
  76  5:12  Drone x4  
  80  5:19  Zergling x2  
  81  5:23  Zergling x4  
  81  5:27  Zergling x2  
  81  5:29  Overlord  
  81  5:32  Zerg Melee Weapons Level 1, Zerg Ground Armor Level 1  
  81  5:34  Zergling x12  
  87  5:39  Drone x2  
  87  5:42  Drone x3  
  83  5:49  Drone x3  
  84  5:56  Drone  
  82  5:59  Drone  
  82  6:03  Drone  
  81  6:11  Drone x3  
  84  6:17  Extractor  
  83  6:18  Drone x2  
  83  6:21  Drone  
  83  6:25  Hatchery  
  85  6:27  Lair  
  85  6:28  Drone  
  85  6:30  Drone  
  85  6:32  Extractor x2, Drone  
  86  6:39  Drone x4  
  90  6:43  Drone x3  
  90  6:44  Zergling x2  
  90  6:45  Baneling Nest  
  93  6:47  Zergling x6  
  93  6:48  Baneling Nest, Overlord  
  93  6:52  Overlord  
  96  6:56  Zergling x4  
  96  7:00  Hatchery  
  97  7:05  Zergling x10  
  102  7:10  Drone x4  
  106  7:16  Drone x2, Overlord  
  106  7:17  Zergling x2  
  106  7:21  Zergling x2  
  110  7:27  Zergling x2  
  110  7:28  Baneling x10  
  110  7:29  Baneling  
  111  7:30  Zergling x2  
  111  7:32  Centrifugal Hooks  
  111  7:34  Zergling x6, Zerg Melee Weapons Level 2  
  111  7:35  Drone  
  116  7:38  Drone x2, Overlord  
  116  7:39  Drone  
  116  7:40  Zergling x2  
  120  7:47  Overseer  
  120  7:48  Zergling x8  
  120  7:49  Overlord  
  124  7:53  Zerg Ground Armor Level 2  
  124  7:57  Zergling x4  
  121  8:02  Baneling x4  
  121  8:03  Zergling x10  
  115  8:07  Zergling x6  
  112  8:13  Zergling x8, Queen  
  112  8:14  Hydralisk Den  
  112  8:16  Baneling x5  
  112  8:17  Drone x3  
  112  8:19  Extractor  
  119  8:24  Drone  
  119  8:25  Drone x2, Hatchery  
  121  8:27  Zergling x2  
  121  8:30  Zergling x6  
  121  8:33  Drone  
  122  8:35  Drone x2  
  122  8:40  Infestation Pit  
  123  8:43  Drone  
  123  8:44  Drone x2  
  123  8:47  Zergling x18  
  130  8:50  Baneling x2, Queen  
  128  8:58  Zergling x12  
  121  9:06  Hydralisk  
  121  9:07  Hydralisk x3  
  121  9:09  Baneling x3  
  125  9:10  Overseer, Baneling x5  
  125  9:11  Grooved Spines  
  125  9:13  Zergling x10  
  125  9:14  Pneumatized Carapace  
  130  9:18  Overlord  
  130  9:19  Drone x2  
  130  9:20  Baneling x2  
  130  9:21  Baneling x2  
  130  9:22  Drone x4  
  136  9:28  Overlord  
  136  9:30  Overlord  
  135  9:34  Queen  
  135  9:37  Zergling x2  
  135  9:38  Zergling x14  
  130  9:40  Baneling x2  
  130  9:41  Zergling x6  
  133  9:46  Hydralisk x3  
  133  9:51  Zergling x6, Extractor  
  134  9:53  Zergling x2  
  134  9:54  Zergling x2  
  134  9:59  Zergling x14  
  137  10:01  Hydralisk  
  137  10:02  Hydralisk  
  137  10:06  Zergling x10  
  141  10:08  Baneling x2, Overlord  
Show
View Real Time Build Order
Export as new Build Order

Clem Terran - Winner!

Build Orders: Liberator Opening, Reaper Expand 

Get SALT Encoding   

  12  0:00  SCV  
  13  0:12  SCV  
  14  0:17  Supply Depot  
  14  0:24  SCV  
  15  0:38  SCV  
  15  0:40  Barracks  
  15  0:42  Refinery  
  16  0:50  SCV  
  17  1:02  SCV  
  18  1:15  SCV  
  19  1:27  Orbital Command, Reaper  
  20  1:38  Command Center  
  20  1:46  Supply Depot  
  20  1:54  SCV  
  21  1:59  Marine  
  22  2:06  SCV  
  23  2:09  Factory  
  23  2:18  SCV  
  23  2:20  Barracks Reactor  
  24  2:30  SCV  
  25  2:39  Command Center  
  26  2:44  SCV  
  26  2:50  Orbital Command  
  26  2:56  SCV  
  27  3:00  Starport  
  27  3:03  Refinery  
  27  3:08  Hellion  
  29  3:13  Hellion  
  29  3:14  SCV  
  29  3:17  SCV  
  29  3:19  Barracks Tech Lab  
  33  3:26  SCV  
  34  3:29  SCV  
  34  3:30  Hellion  
  37  3:34  Hellion  
  37  3:38  SCV  
  40  3:41  SCV  
  40  3:42  Liberator  
  40  3:44  Marine  
  45  3:50  SCV  
  45  3:53  SCV  
  48  3:57  Orbital Command  
  48  3:58  Hellion x2  
  48  4:02  SCV  
  52  4:05  Supply Depot, SCV  
  52  4:08  Stimpack  
  53  4:14  SCV  
  53  4:16  Barracks  
  54  4:19  SCV  
  54  4:21  Barracks  
  54  4:23  SCV, Marine  
  57  4:26  SCV  
  57  4:29  Factory Reactor  
  58  4:32  SCV  
  58  4:33  Starport Reactor  
  58  4:34  Engineering Bay  
  58  4:37  Engineering Bay  
  58  4:38  SCV x2  
  60  4:43  Marine  
  60  4:44  Supply Depot  
  62  4:46  SCV  
  62  4:48  Refinery  
  62  4:50  SCV  
  64  4:52  Refinery  
  64  4:56  SCV  
  63  5:00  SCV  
  63  5:01  Marine  
  63  5:02  SCV  
  62  5:09  Marine  
  62  5:10  Terran Infantry Weapons Level 1  
  62  5:13  Marine  
  64  5:14  Factory Reactor  
  64  5:15  SCV x2  
  64  5:18  Marine x2  
  64  5:19  Marine  
  64  5:20  Orbital Command  
  69  5:22  Terran Infantry Armor Level 1, Supply Depot  
  69  5:27  SCV, Marine  
  71  5:29  SCV  
  71  5:31  Marine  
  71  5:34  Medivac  
  71  5:36  Marine  
  71  5:38  Marine  
  71  5:39  SCV  
  71  5:40  Marine  
  71  5:41  SCV  
  76  5:43  Medivac  
  76  5:44  Marine  
  76  5:49  Marine  
  80  5:50  Supply Depot, SCV  
  80  5:51  SCV  
  80  5:53  Widow Mine  
  80  5:54  SCV, Marine  
  85  6:01  Marine  
  85  6:02  SCV  
  85  6:03  Marine x2, Widow Mine  
  83  6:07  SCV  
  83  6:09  SCV, Supply Depot  
  85  6:11  Medivac  
  85  6:14  Widow Mine  
  85  6:15  SCV, Supply Depot  
  90  6:19  SCV  
  90  6:20  Supply Depot  
  90  6:22  Medivac  
  90  6:23  Combat Shield  
  93  6:30  SCV x2  
  95  6:33  Barracks x2  
  95  6:34  SCV  
  95  6:39  Armory  
  96  6:40  Widow Mine x2  
  96  6:44  Supply Depot, SCV x2  
  96  6:46  SCV  
  103  6:49  Medivac  
  103  6:50  Marine  
  103  6:51  Marine  
  103  6:54  Marine  
  107  6:58  Marine  
  107  7:00  Medivac  
  109  7:02  SCV  
  109  7:03  Marine, Refinery  
  109  7:05  Factory  
  109  7:06  Supply Depot  
  113  7:08  Widow Mine, Marine  
  113  7:09  Marine, SCV, Widow Mine  
  113  7:10  SCV  
  113  7:11  Marine  
  113  7:14  SCV  
  120  7:16  Marine  
  120  7:18  Supply Depot x2  
  120  7:21  Marine  
  123  7:26  Barracks Reactor x2, Marine  
  123  7:27  Marine  
  123  7:29  Command Center  
  124  7:30  Supply Depot  
  124  7:31  Marine, Medivac  
  124  7:34  Supply Depot  
  124  7:36  Widow Mine  
  129  7:38  Marine  
  129  7:39  Marine  
  131  7:45  Terran Infantry Weapons Level 2, Supply Depot  
  131  7:49  Marine, Widow Mine  
  134  7:54  Marine, Widow Mine  
  134  7:55  Marine  
  138  7:59  Widow Mine, Marine  
  129  8:06  Marine x3  
  129  8:07  Marine  
  129  8:10  Widow Mine, Medivac x2  
  129  8:11  Marine  
  129  8:12  Marine x2  
  135  8:17  Barracks x2, Factory Tech Lab, Supply Depot x2  
  135  8:18  Barracks  
  135  8:22  Widow Mine  
  135  8:26  Marine  
  138  8:31  Marine x2  
  138  8:32  Marine x2  
  136  8:35  Widow Mine  
  136  8:39  Widow Mine, Marine x3  
  143  8:46  Marine, Widow Mine  
  143  8:48  Marine  
  147  8:49  Liberator  
  147  8:50  Marine  
  147  8:53  Marine  
  147  8:55  Marine  
  152  8:56  Widow Mine  
  152  9:00  Marine, Widow Mine  
  152  9:01  Marine  
  145  9:04  Medivac  
  145  9:07  Widow Mine, Marine  
  147  9:12  Marine x3  
  147  9:13  Barracks Tech Lab x2, Marine x2  
  147  9:15  Barracks Tech Lab  
  152  9:17  SCV  
  152  9:18  Widow Mine  
  152  9:20  Marine  
  152  9:22  Widow Mine  
  158  9:24  SCV  
  158  9:26  Marine  
  158  9:29  Widow Mine  
  158  9:30  Planetary Fortress  
  158  9:31  Command Center  
  162  9:32  Marine  
  162  9:35  Marine  
  162  9:37  Marine  
  149  9:39  Marauder x2, Widow Mine, Marine  
  149  9:43  Widow Mine  
  158  9:47  Medivac, Marine x2  
  158  9:49  Marine  
  158  9:50  Widow Mine  
  158  9:52  Marine x2  
  164  9:55  Marine  
  164  9:58  Marine  
  164  9:59  Marine, Medivac  
  164  10:00  Marine x2  
  164  10:01  Widow Mine  
  164  10:04  Widow Mine  
  164  10:06  Marine  
  164  10:07  Marine  
  164  10:13  SCV  
  164  10:14  SCV  
  164  10:15  Command Center  
Tags
 
Add a new tag
Caveats
  • Supply blocks, unpowered buildings, or Contaminate may cause inaccurate times.
  • Supply counts are checked every 10 seconds.